 Dungeon Crawl Stone Soup version 0.29.1-1-gd02db6906a (webtiles) character file.

Game seed: 16966156454290795675

96 hawla the Firebug (level 5, -3/38 HPs)
             Began as a Meteoran Fire Elementalist on Oct 8, 2022.
             Killed by nerve-wracking pain
             ... invoked by Grinder
              (11 damage)
             ... on level 3 of the Dungeon.
             The game lasted 00:04:52 (1135 turns).

hawla the Firebug (Meteoran Fire Elementalist)      Turns: 1135, Time: 00:04:52

Health: -3/38      AC:  2    Str:  9    XL:     5   Next: 20%
Magic:  1/11       EV: 12    Int: 19    God:
Gold:   83         SH:  0    Dex: 14    Spells: 4/11 levels left

rFire   . . .      SeeInvis .   (no weapon)
rCold   . . .      Faith    .   (no shield)
rNeg    . . .      Spirit   .   a - +0 robe
rPois   .          Reflect  .   (no helmet)
rElec   .          Harm     .   (no cloak)
rCorr   .          Rampage  .   (no gloves)
Will    .....                   (no boots)
Stlth   +.........              (no amulet)
HPRegen 0.12/turn               (no ring)
MPRegen 0.12/turn               (no ring)

@: glowing
A: sense surroundings 1, otherworldly, glowing, explore regen
a: no special abilities


You were on level 3 of the Dungeon.
You visited 1 branch of the dungeon, and saw 3 of its levels.

You collected 83 gold pieces.

Inventory:

Armour
 a - a +0 robe (worn)
Wands
 l - a wand of acid (6)
Scrolls
 c - 2 scrolls of poison
Potions
 b - 2 potions of magic
 d - a potion of heal wounds {unknown}
 g - a potion of brilliance
 h - a potion of curing {unknown}
 i - a potion of cancellation {unknown}
 j - a potion of lignification {unknown}
 k - a potion of mutation


   Skills:
 - Level 2.7 Dodging
 - Level 1.6 Stealth
 - Level 3.7 Spellcasting
 * Level 2.7 Conjurations
 + Level 4.8 Fire Magic


You had 4 spell levels left.
You knew the following spells:

 Your Spells              Type           Power      Damage    Failure   Level
a - Foxfire               Conj/Fire      68%        2x1d7     3%          1
b - Scorch                Fire           42%        2d7       3%          2
c - Flame Wave            Conj/Fire      17%        2d7       30%         4

Your spell library contained the following spells:

 Spells                   Type           Power      Damage    Failure   Level
 Conjure Flame            Conj/Fire      17%        6-21      9%          3
 Static Discharge         Conj/Air       8%         3-4/arc   12%         2
 Inner Flame              Hex/Fire       12%        N/A       16%         3
 Lightning Bolt           Conj/Air       4%         1d15      92%         5
 Maxwell's Capacitive Co  Air            1%         ∞         100%        8


Dungeon Overview and Level Annotations

Branches:
Dungeon (3/15) Zot: 648

Altars:

Annotations:
D:3 Grinder


Innate Abilities, Weirdness & Mutations

You passively map a small area around you.
You are easily found by Zot.
You glow in the dark.
You regain HP and MP as you explore.


Message History

Grinder's fire resistance burns away.
The hobgoblin hits you.
Unknown command.
Casting: Scorch (safe; 3% risk of failure)
Confirm with . or Enter, or press ? or * to list all spells.
The spell is extremely dangerous to miscast (30% risk of failure)!
Continue anyway?
Okay, then.
Casting: Flame Wave (extremely dangerous; 30% risk of failure)
Confirm with . or Enter, or press ? or * to list all spells.
You conjure some foxfire!
The foxfire hits Grinder but does no damage.
Grinder is lightly wounded.
The hobgoblin misses you.
The foxfire hits Grinder!
Grinder is burned terribly!
Grinder is moderately wounded.
The hobgoblin hits you.
Casting: Foxfire (safe; 3% risk of failure)
Confirm with . or Enter, or press ? or * to list all spells.
Flames lash Grinder.
Grinder is burned terribly!
Grinder is heavily wounded.
The hobgoblin hits you. Grinder hits you.
You writhe in agony.
Unknown command.
Casting: Scorch (safe; 3% risk of failure)
Confirm with . or Enter, or press ? or * to list all spells.
Flames lash the hobgoblin.
You kill the hobgoblin!
Grinder hits you!
Unknown command.
Casting: Scorch (safe; 3% risk of failure)
Confirm with . or Enter, or press ? or * to list all spells.
Flames lash Grinder.
Grinder is burned terribly!
Grinder is almost dead.
Grinder hits you.
* * * LOW HITPOINT WARNING * * *
Unknown command.
Casting: Scorch (safe; 3% risk of failure)
Confirm with . or Enter, or press ? or * to list all spells.
You conjure some foxfire!
Grinder gestures at you. Pain shoots through your body!
You die...

*,,,,,* *,,,* *,,,,, *****,*
#...# *,**** ** ***,###** #...#
*,* ,* *,,,,...* #...#####****,**
,* *,*,###.###........,,,,,,* ,*
*,#.#..............,***,,*** ,*
*,*................,,,*,,*,, ,*
***,*,.......5.......,*,*,,*,*
,***,,,,,,...#*#@v.####.,,,,,,,,*
*,**,*,,,,,..# #.v......,,,,,,*,*
**,,,,,,,,*#.# #...#####*,,,,,,,*
*,**,#.#####.###...# *,,,,,,,,*
,***,#.............# *,,*,**,,,
****,#######.###...# **,,,,,,,,,
,,,,,* #.# ##### *,,,,,,,,,,
****** #.# *###**,,,,,**,*,
*#######.## *..,,,,,,~~~~~*,


You could see Grinder (combustible, ally target).

Vanquished Creatures
  Jessica (D:2)
  3 adders (D:2)
  A worm (D:2)
  2 dart slugs (D:1)
  A ball python (D:2)
  4 endoplasms
  A giant cockroach (D:1)
  5 hobgoblins
  3 kobolds
  2 quokkas (D:2)
  3 bats
  3 frilled lizards
  3 goblins (D:1)
  5 rats
37 creatures vanquished.

Vanquished Creatures (others)
  75 foxfires
75 creatures vanquished.

Grand Total: 112 creatures vanquished

Notes
Turn   | Place    | Note
-------+----------+-------------------------------------------
     0 | D:1      | hawla the Meteoran Fire Elementalist began the quest for
                  | the Orb.
     0 | D:1      | Reached XP level 1. HP: 14/14 MP: 5/5
    90 | D:1      | Reached XP level 2. HP: 20/20 MP: 1/6
   401 | D:1      | Reached XP level 3. HP: 26/26 MP: 5/8
   483 | D:1      | Glimpsed the power of Zot.
   663 | D:2      | Learned a level 2 spell: Scorch
   760 | D:2      | Reached skill level 4 in Fire Magic
   760 | D:2      | Reached XP level 4. HP: 18/33 MP: 1/10
   765 | D:2      | Learned a level 4 spell: Flame Wave
   907 | D:2      | Noticed Jessica
   914 | D:2      | Killed Jessica
   915 | D:2      | Reached XP level 5. HP: 38/38 MP: 4/11
  1084 | D:2      | Glimpsed the power of Zot.
  1126 | D:3      | Noticed Grinder
  1135 | D:3      | Killed from afar by Grinder

Illustrated notes

Levels and vault maps discovered:
D:1:      heliophobic_arrival_battle_scene, layout_basic,
          dreamdust_ecumenical_altar_hidden_monk_grotto,
          hangedman_decor_riveting, minmay_misc_feat_x, minmay_misc_feat_five,
          serial_bayou_lake_a
D:2:      layout_basic, uniq_crazy_yiuf_cottage, uniq_jessica
D:3:      layout_loops_cross, xom_confusion_cloud, uniq_grinder

Skill      XL: |  1  2  3  4 |
---------------+-------------+-----
Spellcasting   | 3 |  3.7
Fire Magic     | 4 |  4.8
Conjurations   | 2 |  2.7
Dodging        | |  2.7
Stealth        | |  1.6

Action                   |  1- 3 |  4- 6 || total
-------------------------+-------+-------++-------
Melee: Unarmed           |    10 |     1 ||    11
 Cast: Foxfire           |    39 |     9 ||    48
       Scorch            |     2 |    13 ||    15
  Use: Scroll            |     5 |     2 ||     7
Armor: Robe              |     7 |       ||     7
Dodge: Dodged            |    11 |     5 ||    16
